 Dungeon Crawl Stone Soup version 0.22.1-2-g9c5b331383 (webtiles) character file.

490 Peloso the Slasher (level 6, 0/55 HPs)
             Began as a Minotaur Fighter on Nov 17, 2018.
             Was an Initiate of Okawaru.
             Slain by an orc wizard
             ... wielding a +0 dagger
              (1 damage)
             ... on level 4 of the Dungeon.
             The game lasted 00:07:05 (2907 turns).

Peloso the Slasher (Minotaur Fighter)               Turns: 2907, Time: 00:07:06

Health: 0/55       AC:  8    Str: 26    XL:     6   Next: 90%
Magic:  5/5        EV:  8    Int:  5    God:    Okawaru [......]
Gold:   189        SH: 10    Dex: 11    Spells: 5/5 levels left

rFire    . . .     SeeInvis .   a - +0 long sword
rCold    . . .     Gourm    .   c - +0 shield
rNeg     . . .     Faith    .   b - +0 scale mail
rPois    .         Spirit   .   (helmet restricted)
rElec    .         Reflect  .   (no cloak)
rCorr    .         Harm     .   w - +0 pair of gloves
MR       .....                  (no boots)
Stlth    ..........             (no amulet)
HPRegen  0.18/turn              (no ring)
MPRegen  0.09/turn              (no ring)

@: mighty, lethally poisoned (0 -> -1), hasted and slowed
A: retaliatory headbutt, horns 2
a: Renounce Religion


You were on level 4 of the Dungeon.
You worshipped Okawaru.
Okawaru was noncommittal.
You were very hungry.

You visited 1 branch of the dungeon, and saw 4 of its levels.
You also visited: Sewer.

You collected 189 gold pieces.

Inventory:

Hand Weapons
 a - a +0 long sword (weapon)
Armour
 b - a +0 scale mail (worn)
 c - a +0 shield (worn)
 n - a +2 buckler
 w - a +0 pair of gloves (worn)
Wands
 p - a wand of flame (32)
Scrolls
 d - a scroll of enchant weapon {unknown}
 g - 2 scrolls of remove curse {unknown}
 l - 2 scrolls of noise {unknown}
 o - 3 scrolls of identify {unknown}
 q - a scroll of enchant armour {unknown}
 r - 3 scrolls of teleportation {unknown}
 u - a scroll of fog {unknown}
Potions
 e - a potion of heal wounds {unknown}
 h - a potion of invisibility {unknown}
 i - a potion of brilliance {unknown}
 j - a potion of degeneration {unknown}
 k - a potion of lignification {unknown}
 m - 2 potions of haste
 s - a potion of might
 t - a potion of magic {unknown}
 v - a potion of mutation {unknown}
 x - a potion of berserk rage {unknown}
Comestibles
 f - 7 rations


   Skills:
 + Level 4.9 Fighting
 + Level 6.3 Long Blades
 + Level 5.1 Armour
 + Level 1.7 Dodging
 + Level 0.2 Stealth
 + Level 4.8 Shields


You had 5 spell levels left.
You didn't know any spells.
Your spell library was empty.

Dungeon Overview and Level Annotations

Branches:
Dungeon (4/15)
 Temple: D:4-7

Altars:
Okawaru
Wu Jian


Innate Abilities, Weirdness & Mutations

You reflexively headbutt those who attack you in melee.
You have a pair of horns on your head.


Message History

Something hits you.
* * * LOW HITPOINT WARNING * * *
You feel very mighty all of a sudden.
The orc wizard hits you but does no damage.
Something hits you but does no damage.
The orc wizard hits you but does no damage.
Unknown command.
You are feeling very hungry.
You miss the orc wizard.
The orc wizard is heavily wounded.
You feel sick. You block the orc wizard's attack. Something hits you.
* * * LOW HITPOINT WARNING * * *
The orc wizard hits you but does no damage.
You block something's attack.
The orc wizard gestures at you while chanting.
The magic dart hits you!
* * * LOW HITPOINT WARNING * * *
It was a potion of haste.
You feel yourself speed up. The orc wizard hits you with a dagger.
You die...

####.# # # ..#.#
.# ##.#.#.###.#
...#.#..... #
#......###
#.##........#
#.........#<#
#.......#####.###
#.......o@)oh....
#........####....
#.....%...# .
#.........#
#....###..#
....##⌠##..
...##...##..
..##.....##..
..#⌠.%♣!.⌠#...


You could see a hound, an orc wizard and an orc.

Vanquished Creatures
  Sigmund (D:2)
  A scorpion (D:4)
  2 orc priests
  2 gnolls (D:2)
  6 adders
  2 river rats (Sewer)
  3 oozes
  3 worms
  3 dart slugs
  A leopard gecko (D:3)
  7 orcs
  9 bats
  10 giant cockroaches
  9 goblins
  8 hobgoblins
  5 ball pythons
  13 frilled lizards
  12 kobolds
  14 rats
111 creatures vanquished.

Notes
Turn   | Place    | Note
-------+----------+-------------------------------------------
     0 | D:1      | Peloso the Minotaur Fighter began the quest for the Orb.
     0 | D:1      | Reached XP level 1. HP: 19/19 MP: 0/0
   130 | D:1      | Reached XP level 2. HP: 23/27 MP: 1/1
   234 | D:1      | Reached skill level 3 in Long Blades
   234 | D:1      | Reached XP level 3. HP: 29/33 MP: 2/2
   486 | D:1      | Reached skill level 1 in Dodging
   796 | D:1      | Found an ornate altar of the Wu Jian Council.
  1215 | D:2      | Found a faded altar of an unknown god.
  1405 | D:2      | Reached XP level 4. HP: 34/40 MP: 3/3
  1418 | D:2      | Noticed Sigmund
  1424 | D:2      | Killed Sigmund
  1424 | D:2      | Reached skill level 4 in Long Blades
  1424 | D:2      | Reached XP level 5. HP: 39/47 MP: 4/4
  1599 | D:2      | Reached skill level 5 in Long Blades
  1602 | D:2      | Reached XP level 6. HP: 38/53 MP: 5/5
  1605 | D:2      | Found an iron altar of Okawaru.
  1613 | D:2      | Became a worshipper of Warmaster Okawaru
  1772 | D:3      | Found a glowing drain.
  1938 | Sewer    | Entered a sewer
  2886 | D:4      | Reached skill level 6 in Long Blades
  2886 | D:4      | Reached skill level 5 in Armour
  2906 | D:4      | HP: 1/55 [orc wizard/magic dart (6)]
  2907 | D:4      | Slain by an orc wizard

Skill      XL: |  1  2  3  4  5  6 |
---------------+-------------------+-----
Fighting       | 4 |  4.9
Long Blades    | 3 4 5 6 |  6.3
Armour         | 4 5 |  5.1
Dodging        | 1 |  1.7
Shields        | 4 |  4.8
Stealth        | |  0.2

Action                   |  1- 3 |  4- 6 || total
-------------------------+-------+-------++-------
Melee: Long sword        |    91 |   171 ||   262
       Headbutt          |    15 |    34 ||    49
  Use: Potion            |       |     3 ||     3
  Eat: Chunk             |     1 |     5 ||     6
Armor: Scale mail        |    41 |    60 ||   101
Dodge: Dodged            |    32 |    49 ||    81
Block: Shield            |    51 |    88 ||   139
       Rpst.: Long sword |     7 |    12 ||    19
